 Dungeon Crawl Stone Soup version 0.28-a0-850-g09de17f5b5 (webtiles) character file.

Game seed: 8620903850946524574

269 vurker the Gusty (level 5, -3/41 HPs)
             Began as a Demigod Air Elementalist on Nov 13, 2021.
             Slain by Terence (5 damage)
             ... on level 3 of the Dungeon.
             The game lasted 00:04:38 (3582 turns).

vurker the Gusty (Demigod Air Elementalist)         Turns: 3582, Time: 00:04:39

Health: -3/41      AC:  6    Str:  9    XL:     5   Next: 69%
Magic:  1/13       EV: 12    Int: 21    God:
Gold:   106        SH:  0    Dex: 14    Spells: 9/10 levels left

rFire   . . .      SeeInvis .   b - +0 dagger
rCold   . . .      Faith    .   (no shield)
rNeg    . . .      Spirit   .   a - +0 robe
rPois   .          Reflect  .   (no helmet)
rElec   .          Harm     .   (no cloak)
rCorr   .          Rampage  .   (no gloves)
Will    .....                   (no boots)
Stlth   ++........              (no amulet)
HPRegen 0.13/turn               d - +4 ring of protection
MPRegen 0.13/turn               (no ring)

@: no status effects
A: high mp 1, forlorn
a: no special abilities


You were on level 3 of the Dungeon.
You visited 1 branch of the dungeon, and saw 3 of its levels.

You collected 130 gold pieces.
You spent 24 gold pieces at shops.

Inventory:

Hand Weapons
 b - a +0 dagger (weapon)
   (You took it off a goblin on level 1 of the Dungeon)
Armour
 a - a +0 robe (worn)
Jewellery
 d - a +4 ring of protection (left hand)
   (You found it on level 1 of the Dungeon)
Scrolls
 c - 3 scrolls of identify
 e - a scroll of amnesia {unknown}
 f - a scroll of noise {unknown}
 g - 2 scrolls of teleportation {unknown}
 i - a scroll of fear {unknown}
 l - a scroll of enchant armour {unknown}
Potions
 h - 2 potions of attraction


   Skills:
 + Level 1.9 Fighting
 - Level 1.7 Dodging
 - Level 1.7 Stealth
 * Level 3.3 Spellcasting
 + Level 2.2 Conjurations
 * Level 4.1 Air Magic


You had 9 spell levels left.
You knew the following spells:

 Your Spells              Type           Power      Damage    Failure   Level
a - Shock                 Conj/Air       64%        1d7       3%          1

Your spell library contained the following spells:

 Spells                   Type           Power      Damage    Failure   Level
 Static Discharge         Conj/Air       16%        N/A       5%          2
 Swiftness                Air            21%        N/A       7%          3
 Airstrike                Air            10%        N/A       22%         4


Dungeon Overview and Level Annotations

Branches:
Dungeon (3/15)

Shops:
D:1 ?[[?*

Annotations:
D:3 Terence


Innate Abilities, Weirdness & Mutations

Your attributes grow dramatically as you level up.
You have an increased reservoir of magic. (+10% MP)
You shall have no god before yourself.


Message History

Aim: a jackal (64% to hit)
The zap misses the jackal.
Terence drinks a potion.
Terence flickers and vanishes!
Deactivating autopickup; reactivate with Ctrl-A.
Aim: a jackal (64% to hit)
The zap hits the jackal.
Aim: a jackal (almost dead, 64% to hit)
The zap hits the jackal.
You kill the jackal!
You can't see any susceptible monsters within range! (Use Z to cast anyway.)
You can't see any susceptible monsters within range! (Use Z to cast anyway.)
A worm comes into view.
Aim: a worm (wandering, hasn't noticed you, 90% to hit)
The zap hits the worm!
Something hits you but does no damage.
Found 9 bolts.
Okay, then.
The zap hits something but does no damage.
Something hits you.
The zap hits something.
Something hits you.
The zap hits something.
Something hits you. Something hits you!
The zap hits something.
Something hits you.
The zap hits something but does no damage.
Something hits you but does no damage.
The zap hits something but does no damage.
Something hits you.
* * * LOW HITPOINT WARNING * * *
The zap hits something but does no damage.
Something hits you.
* * * LOW HITPOINT WARNING * * *
Something hits you.
* * * LOW HITPOINT WARNING * * *
The zap hits something.
Something hits you.
* * * LOW HITPOINT WARNING * * *
You don't have enough magic to cast this spell.
You aren't carrying any items that you can evoke.
You hit something but do no damage. Something hits you.
* * * LOW HITPOINT WARNING * * *
You hit something but do no damage. Something hits you.
* * * LOW HITPOINT WARNING * * *
You hit something but do no damage. Something hits you.
You die...

#.# ..... #.. ....####
#.# .....(. #..
....w.....# ###
....>.....# ...†.....
.....#.# #...#@# #
#..#{# #. #..#w#####
.### ##..†.....###.# .†.
##..##.......#.# #.#
............#.#.###.###
#...#........).........#
... #######......###†#.#
#. ###..#..#.....##


You could see a worm.

Vanquished Creatures
  An ogre (D:2)
  An orc priest (D:3)
  6 adders
  4 worms (D:2)
  4 dart slugs
  4 orcs (D:3)
  8 ball pythons
  3 endoplasms
  2 giant cockroaches (D:1)
  4 goblins
  6 hobgoblins
  9 jackals
  4 kobolds
  3 quokkas
  9 bats
  5 frilled lizards
  8 rats
81 creatures vanquished.

Notes
Turn   | Place    | Note
-------+----------+-------------------------------------------
     0 | D:1      | vurker the Demigod Air Elementalist began the quest for the
                  | Orb.
     0 | D:1      | Reached XP level 1. HP: 14/14 MP: 5/5
   120 | D:1      | Reached skill level 1 in Conjurations
   307 | D:1      | Found Kaxett's Antique Armour Shoppe.
   370 | D:1      | Found Nyedixt's Magic Scroll Shop.
   383 | D:1      | Reached XP level 2. HP: 20/20 MP: 4/7
   395 | D:1      | Reached skill level 3 in Air Magic
   527 | D:1      | Found Wyustuj's Magic Scroll Shop.
  1029 | D:1      | Found Ikatesar's Assorted Antiques.
  1075 | D:1      | Found Uriomaoth's Antique Armour Shop.
  1169 | D:2      | Reached XP level 3. HP: 27/27 MP: 1/9
  1481 | D:2      | Reached skill level 1 in Fighting
  1759 | D:1      | Bought a scroll of identify for 24 gold pieces
  2071 | D:2      | Noticed an ogre
  2094 | D:2      | Killed an ogre
  2095 | D:2      | Reached XP level 4. HP: 5/35 MP: 2/11
  2391 | D:2      | Reached XP level 5. HP: 39/40 MP: 6/12
  2907 | D:3      | Reached skill level 4 in Air Magic
  2908 | D:3      | Noticed Terence
  3581 | D:3      | HP: 2/41 [something (5)]
  3582 | D:3      | Slain by Terence

Illustrated notes

Levels and vault maps discovered:
D:1:      shiori_arrival_oz, layout_basic, serial_shops, nicolae_diamond_shop,
          shop, shop, shop, nicolae_shop_trees, corexii_corridor_pit
D:2:      layout_rooms, minmay_joined_circles
D:3:      layout_loops_ring, slow_altar_1, hellmonk_ecumenical_altar_dog_temple,
          uniq_terence

Skill      XL: |  1  2  3  4  5 |
---------------+----------------+-----
Conjurations   | 1 2 |  2.2
Spellcasting   | 2 3 |  3.3
Air Magic      | 3 4 |  4.1
Fighting       | 1 |  1.9
Dodging        | |  1.7
Stealth        | |  1.7

Action                   |  1- 3 |  4- 6 || total
-------------------------+-------+-------++-------
Melee: Dagger            |    45 |     6 ||    51
 Cast: Shock             |   115 |    79 ||   194
  Use: Scroll            |       |     2 ||     2
Armor: Robe              |    16 |    10 ||    26
Dodge: Dodged            |    30 |    13 ||    43

Table legend: (Time is in decaauts)
 A = Elapsed time spent in this place.
 B = Non-inter-level travel time spent in this place.
 C = Inter-level travel time spent in this place.
 D = Time resting spent in this place.
 E = Time spent auto-exploring this place.
 F = Levels seen in this place.
 G = Mean time per level.
                   A        B        C        D        E       F      G
               +--------+--------+--------+--------+--------+-----+--------+
         Total |   3585 |   3457 |    128 |    336 |   2638 |   3 | 1195.0 |
       Dungeon |   3585 |   3457 |    128 |    336 |   2638 |   3 | 1195.0 |
               +--------+--------+--------+--------+--------+-----+--------+

Top non-repeatable levels by time:
     D:2: 1766 daAuts
     D:1: 1335 daAuts
     D:3: 483 daAuts
